 Dungeon Crawl Stone Soup version 0.20.0-15-g7f486f2 (webtiles) character file.

8390 polve the Carver (level 11, 0/81 HPs)
             Began as a Demonspawn Berserker on July 1, 2017.
             Was a High Priest of Trog.
             Slain by a hippogriff (3 damage)
             ... on level 9 of the Dungeon.
             The game lasted 00:18:30 (13636 turns).

polve the Carver (Demonspawn Berserker)            Turns: 13636, Time: 00:18:32

Health: 0/81       AC: 16    Str: 21    XL:     11   Next: 9%
Magic:  15/15      EV: 19    Int: 10    God:    Trog [*****.]
Gold:   503        SH:  0    Dex: 15    Spells: 10/10 levels left

rFire    + . .     SeeInvis .   d - +0 great sword
rCold    . . .     Gourm    .   (shield currently unavailable)
rNeg     . . .     Faith    .   G - +2 robe {rF+}
rPois    +         Spirit   .   f - +2 helmet
rElec    .         Reflect  .   (no cloak)
rCorr    .         Harm     .   (no gloves)
MR       +....                  (no boots)
Stlth    +++.......             (no amulet)
Regen    0.3/turn               A - +4 ring of strength
MPRegen  0.2/turn               g - +3 ring of evasion

@: sanguine armour, berserk cooldown, slowed, very slow
A: hooves 1, magic resistance 1, poison resistance, powered by pain 3, rot
immunity, sanguine armour 2
a: Berserk, Trog's Hand, Brothers in Arms, Burn Spellbooks, Renounce Religion


You were on level 9 of the Dungeon.
You worshipped Trog.
Trog was extremely pleased with you.
You were not hungry.

You visited 1 branch of the dungeon, and saw 9 of its levels.

You collected 503 gold pieces.

Inventory:

Hand Weapons
 d - a +0 great sword (weapon)
Armour
 f - a +2 helmet (worn)
 G - a +2 robe of fire resistance (worn)
Jewellery
 g - a +3 ring of evasion (right hand)
 v - an uncursed ring of protection from fire
 A - a +4 ring of strength (left hand)
Wands
 r - a wand of disintegration (9/24)
 y - a wand of lightning (9/15)
Scrolls
 a - a scroll of magic mapping {unknown}
 b - a scroll of fog {unknown}
 h - a scroll of recharging {unknown}
 k - 2 scrolls of teleportation {unknown}
 l - a scroll of immolation {unknown}
 n - 6 scrolls of remove curse
 u - a scroll of enchant armour {unknown}
 z - 2 scrolls of noise {unknown}
 B - a scroll of holy word {unknown}
 E - a scroll of blinking {unknown}
 I - a scroll of acquirement {unknown}
Potions
 e - 2 potions of magic
 j - 2 potions of haste
 m - 2 potions of heal wounds
 o - 3 potions of lignification
 p - a potion of brilliance {unknown}
 q - 7 potions of curing
 s - a potion of agility {unknown}
 t - a potion of ambrosia {unknown}
 w - a potion of mutation {unknown}
 x - 3 potions of flight
 C - a potion of degeneration {unknown}
Comestibles
 c - 9 bread rations
 i - 2 meat rations
 D - 10 fruits
 F - 8 chunks of flesh
 H - 4 royal jellies


   Skills:
 - Level 6.0 Fighting
 + Level 10.6 Long Blades
 - Level 6.1 Armour
 - Level 6.0 Dodging
 - Level 5.1 Stealth
 - Level 6.0 Evocations


You had 10 spell levels left.
You didn't know any spells.

Dungeon Overview and Level Annotations

Branches:
Dungeon (9/15)             Temple (0/1) D:5             Orc (0/2) D:9
   Lair: D:8-11

Altars:
Dithmenos
Elyvilon
Fedhas
Makhleb
Nemelex Xobeh
Ru
Sif Muna
Uskayaw

Shops:
D:4 =   D:5 %


Innate Abilities, Weirdness & Mutations

You are powered by pain.
You are immune to rotting.
When seriously injured, your bleeding wounds create thick armour. (AC +9)
You have large cloven feet.
You are resistant to hostile enchantments. (MR+)
Your system is resistant to poisons. (rPois)


Message History

* * * LOW HITPOINT WARNING * * *
The hippogriff barely misses you. The death knight misses you.
The hippogriff barely misses you.
You riposte.
You slash the hippogriff!
The hippogriff is lightly wounded.
The hippogriff misses you.
The hippogriff claws you but does no damage.
The death knight hits you from afar with a glaive of protection!!
* * * LOW HITPOINT WARNING * * *
There is an open door, spattered with blood here.
The hippogriff completely misses you.
The hippogriff pecks you but does no damage.
The hippogriff barely misses you.
Your ogre goes berserk!
You feel somewhat more hungry.
The death knight hits you but does no damage.
The hippogriff bites you.
* * * LOW HITPOINT WARNING * * *
The hippogriff closely misses you. The hippogriff claws you.
You die...

... ..... #..### #####
#....# #....# #....#
#....# #O...# #....#
#.@).#
#######H###############
.......p...............
......................#
.....................##
.....................#.
....=..................
.....................#.
.....................##


You could see a death knight, a hippogriff and a friendly ogre (berserk).

Vanquished Creatures
  2 two-headed ogres
  2 hippogriffs
  A shadow (D:9)
  A yak (D:8)
  A human (D:8)
  4 hogs (D:8)
  Grum (D:8)
  2 water moccasins
  An ice beast (D:7)
  3 orc warriors
  5 sky beasts
  2 black bears
  2 necrophages
  5 ogres
  An eye of draining (D:7)
  3 wolves (D:8)
  4 phantoms
  4 centaurs
  2 big kobolds
  A bullfrog (D:6)
  A wyvern zombie (D:7)
  9 killer bees
  2 scorpions
  A howler monkey (D:5)
  4 wights
  6 crimson imps
  A bullfrog zombie (D:8)
  2 centaur zombies
  6 hounds
  2 orc priests
  2 bullfrog skeletons (D:8)
  7 jellies
  5 orc wizards
  2 centaur skeletons
  3 iguanas
  6 worker ants
  A hound skeleton (D:5)
  A howler monkey zombie (D:7)
  4 gnolls (D:3)
  11 adders
  2 shadow imps (D:8)
  3 oozes
  An adder skeleton (D:2)
  A worm (D:3)
  3 dart slugs
  13 leopard geckos
  20 orcs
  9 giant cockroaches
  10 goblins
  4 hobgoblins
  13 jackals
  9 kobolds
  2 quokkas
  8 ball pythons
  11 bats
  7 frilled lizards
  A jackal skeleton (D:2)
  A leopard gecko zombie (D:5)
  A quokka skeleton (D:2)
  7 rats
249 creatures vanquished.

Vanquished Creatures (collateral kills)
  Prince Ribbit (D:9)
  A hornet (D:9)
  A sky beast (D:9)
  A scorpion (D:9)
  2 killer bees (D:9)
6 creatures vanquished.

Vanquished Creatures (others)
  An orc wizard (D:6)
1 creature vanquished.

Grand Total: 256 creatures vanquished

Notes
Turn   | Place    | Note
-------+----------+-------------------------------------------
     0 | D:1      | polve the Demonspawn Berserker began the quest for the Orb.
     0 | D:1      | Reached XP level 1. HP: 18/18 MP: 1/1
   137 | D:1      | Reached skill level 3 in Long Blades
   142 | D:1      | Gained mutation: You sometimes gain a little power by taking damage. [demonic ancestry]
   142 | D:1      | Reached XP level 2. HP: 15/24 MP: 2/2
  1025 | D:2      | Gained mutation: When seriously injured, your bleeding wounds create armour. (AC +9) [demonic ancestry]
  1025 | D:2      | Reached XP level 3. HP: 20/29 MP: 3/3
  1182 | D:2      | Reached ** piety under Trog
  1182 | D:2      | Reached skill level 4 in Long Blades
  1846 | D:2      | Found a blossoming altar of Fedhas.
  2097 | D:2      | Reached XP level 4. HP: 22/35 MP: 4/4
  3381 | D:3      | Reached skill level 5 in Long Blades
  3610 | D:3      | Reached *** piety under Trog
  3729 | D:3      | Reached XP level 5. HP: 38/41 MP: 5/5
  4766 | D:3      | Found a burning altar of Makhleb.
  4784 | D:3      | Reached skill level 6 in Long Blades
  4784 | D:3      | Reached XP level 6. HP: 33/47 MP: 6/6
  5858 | D:4      | Reached skill level 7 in Long Blades
  5970 | D:4      | Found Numacw's Jewellery Emporium.
  6001 | D:4      | Gained mutation: You are immune to rotting. [demonic ancestry]
  6001 | D:4      | Reached XP level 7. HP: 52/52 MP: 7/7
  6334 | D:5      | Entered Level 5 of the Dungeon
  6717 | D:5      | Found Zufruon's Food Shop.
  6745 | D:5      | Found a staircase to the Ecumenical Temple.
  7073 | D:5      | Reached skill level 8 in Long Blades
  7661 | D:5      | Found a shadowy altar of Dithmenos.
  7991 | D:5      | Gained mutation: You sometimes gain power by taking damage. [demonic ancestry]
  7991 | D:5      | Reached XP level 8. HP: 61/61 MP: 8/8
  8011 | D:5      | Gained mutation: Your system is resistant to poisons. (rPois) [mutagenic meat]
  8012 | D:5      | Gained mutation: You evolve. [mutagenic meat]
  8209 | D:5      | Found a hide-covered altar of Uskayaw.
  8209 | D:5      | Found a sacrificial altar of Ru.
  8214 | D:5      | Found a white marble altar of Elyvilon.
  8216 | D:5      | Found a deep blue altar of Sif Muna.
  8217 | D:5      | Found a faded altar of an unknown god.
  8224 | D:5      | Reached **** piety under Trog
  8530 | D:6      | Reached skill level 5 in Fighting
  8906 | D:6      | Reached skill level 5 in Dodging
  9146 | D:6      | Found a sparkling altar of Nemelex Xobeh.
  9399 | D:6      | Gained mutation: When seriously injured, your bleeding wounds create thick armour. (AC +9) [demonic ancestry]
  9399 | D:6      | Reached XP level 9. HP: 28/69 MP: 9/9
 10080 | D:7      | Reached skill level 1 in Evocations
 10512 | D:7      | Gained mutation: You have large cloven feet. [evolution]
 10611 | D:7      | Reached skill level 5 in Armour
 10764 | D:7      | Reached ***** piety under Trog
 11352 | D:7      | Reached skill level 5 in Evocations
 11354 | D:7      | Reached skill level 1 in Stealth
 11356 | D:7      | Reached XP level 10. HP: 76/76 MP: 13/13
 12067 | D:8      | Noticed Grum
 12094 | D:8      | Killed Grum
 12337 | D:8      | Noticed a two-headed ogre
 12341 | D:8      | Killed a two-headed ogre
 12867 | D:8      | Reached skill level 5 in Stealth
 12875 | D:8      | Reached skill level 9 in Long Blades
 13236 | D:9      | Found a staircase to the Orcish Mines.
 13254 | D:9      | Gained mutation: You are resistant to hostile enchantments. (MR+) [evolution]
 13254 | D:9      | Lost mutation: You evolve. [end of evolution]
 13437 | D:9      | Reached skill level 10 in Long Blades
 13463 | D:9      | Noticed Prince Ribbit
 13477 | D:9      | Killed Prince Ribbit
 13482 | D:9      | Gained mutation: You are powered by pain. [demonic ancestry]
 13482 | D:9      | Reached XP level 11. HP: 63/81 MP: 15/15
 13603 | D:9      | Noticed a two-headed ogre
 13609 | D:9      | Killed a two-headed ogre
 13622 | D:9      | Noticed a death knight
 13636 | D:9      | HP: 3/81 [hippogriff (5)]
 13636 | D:9      | Slain by a hippogriff

Skill      XL: |  1  2  3  4  5  6  7  8  9 10 |
---------------+-------------------------------+-----
Long Blades    | 3 4 5 6 7 8 10 | 10.6
Dodging        | 3 5 6 |  6.0
Fighting       | 4 6 |  6.0
Armour         | 3 6 |  6.1
Evocations     | 5 6 |  6.0
Stealth        | 1 5 |  5.1

Action                   |  1- 3 |  4- 6 |  7- 9 | 10-12 || total
-------------------------+-------+-------+-------+-------++-------
Melee: Falchion          |   123 |   230 |   223 |       ||   576
       Great sword       |       |       |   188 |   173 ||   361
       Kick              |       |       |    31 |    87 ||   118
Invok: Berserk           |       |     6 |    10 |     7 ||    23
       Trog's Hand       |       |     1 |     1 |     3 ||     5
       Brothers in Arms  |       |       |       |     2 ||     2
  Use: Scroll            |       |     2 |     8 |       ||    10
 Stab: Sleeping          |       |     6 |     2 |     4 ||    12
  Eat: Chunk             |     4 |    15 |    16 |    17 ||    52
       Meat ration       |       |     1 |     2 |       ||     3
       Fruit             |       |       |     1 |       ||     1
Armor: Animal skin       |    31 |    38 |    44 |       ||   113
       Robe              |       |       |    19 |    73 ||    92
Dodge: Dodged            |    86 |   170 |   324 |   271 ||   851
       Rpst.: Falchion   |    31 |    47 |    38 |       ||   116
       Great sword       |       |       |    68 |    85 ||   153
